 Dungeon Crawl Stone Soup version 0.26-a0-104-gef3e9dd61f (webtiles) character file.

Game seed: 1030521439510962587

10 roguesci the Ruffian (level 2, -8/25 HPs)
             Began as a Naga Transmuter on June 22, 2020.
             Mangled by Crazy Yiuf
             ... wielding a +2 quarterstaff of chaos
              (10 damage)
             ... on level 2 of the Dungeon.
             The game lasted 00:01:59 (549 turns).

roguesci the Ruffian (Naga Transmuter)               Turns: 549, Time: 00:02:00

Health: -8/25      AC:  1    Str: 12    XL:     2   Next: 20%
Magic:  3/5        EV: 10    Int: 13    God:
Gold:   39         SH:  0    Dex: 11    Spells: 4/5 levels left

rFire    . . .     SeeInvis +   e - +0 spear
rCold    . . .     Gourm    .   (no shield)
rNeg     . . .     Faith    .   b - +0 robe
rPois    +         Spirit   .   (no helmet)
rElec    .         Reflect  .   (no cloak)
rCorr    .         Harm     .   (no gloves)
MR       .....                  (no barding)
Stlth    +.........             (no amulet)
HPRegen  0.08/turn              (no ring)
MPRegen  0.09/turn              (no ring)

@: appendage (expiring), very slow
A: large, horns 2, see invisible, deformed body, poison resistance, slowness 2,
slow metabolism 1, spit poison 1, AC +0
a: Spit Poison, End Transformation


You were on level 2 of the Dungeon.
You were not hungry.
You had grown temporary horns.
You visited 1 branch of the dungeon, and saw 2 of its levels.

You collected 39 gold pieces.

Inventory:

Hand Weapons
 e - a +0 spear (weapon)
Missiles
 a - 12 arrows
 h - 7 stones (quivered)
Armour
 b - a +0 robe (worn)
Scrolls
 c - a scroll of noise {unknown}
 f - 2 scrolls of remove curse {unknown}
 i - a scroll of teleportation {unknown}
Comestibles
 d - 3 rations


   Skills:
 + Level 1.1 Fighting
 + Level 1.6 Dodging
 + Level 0.5 Stealth
 * Level 3.1 Unarmed Combat
 + Level 2.1 Spellcasting
 * Level 2.2 Transmutations


You had 4 spell levels left.
You knew the following spells:

 Your Spells              Type           Power        Failure   Level  Hunger
a - Beastly Appendage     Tmut           #.....       10%         1    ##.....

Your spell library contained the following spells:

 Spells                   Type           Power        Failure   Level  Hunger
 Sticks to Snakes         Tmut           #.......     16%         2    ###....
 Spider Form              Tmut/Pois      #.........   43%         3    ####...
 Ice Form                 Ice/Tmut       #.......     85%         4    #####..
 Blade Hands              Tmut           #.........   95%         5    ######.


Dungeon Overview and Level Annotations

Branches:
Dungeon (1/15)

Altars:

Annotations:
D:2 Crazy Yiuf


Innate Abilities, Weirdness & Mutations

You cannot wear boots.
Your serpentine skin is tough. (AC +0)
You have supernaturally acute eyesight. (SInv)
Armour fits poorly on your strangely shaped body.
Your system is resistant to poisons. (rPois)
You cover ground very slowly.
You have a slow metabolism.
You can spit poison.
You have a pair of horns on your head.


Message History

Press: ? - help, Shift-Dir - straight line, f - Crazy Yiuf
Aim: Crazy Yiuf, wielding a +2 quarterstaff of chaos and wearing a +1 cloak of poison resistance The splash of poison misses Crazy Yiuf.
You feel slightly more hungry.
Crazy Yiuf hits you with a +2 quarterstaff of chaos.
You are electrocuted!!
Ouch! That really hurt!
* * * LOW HITPOINT WARNING * * *
You hit Crazy Yiuf but do no damage. Crazy Yiuf closely misses you.
You hit Crazy Yiuf but do no damage. Your headbutt misses Crazy Yiuf.
Crazy Yiuf closely misses you.
You closely miss Crazy Yiuf. Crazy Yiuf completely misses you.
You closely miss Crazy Yiuf. Your headbutt misses Crazy Yiuf.
Your transformation is almost over.
Crazy Yiuf closely misses you.
You hit Crazy Yiuf but do no damage.
You have got your breath back.
Crazy Yiuf closely misses you.
You hit Crazy Yiuf but do no damage.
Crazy Yiuf hits you with a +2 quarterstaff of chaos!
You die...

..# #.# #.# #.#
#.## #..# ###
♣♣###.# #)..#♣♣
♣♣.#...#
#...g@♣♣♣♣......#
#...#♣..♣......##
### ♣♣♣.♣..#.##
♣♣♣♣♣###


You could see Crazy Yiuf.

Vanquished Creatures
  A bat (D:1)
  2 goblins (D:1)
  A jackal (D:1)
  3 kobolds (D:1)
  A frilled lizard (D:1)
  A rat (D:1)
9 creatures vanquished.

Notes
Turn   | Place    | Note
-------+----------+-------------------------------------------
     0 | D:1      | roguesci the Naga Transmuter began the quest for the Orb.
     0 | D:1      | Reached XP level 1. HP: 18/18 MP: 3/3
   188 | D:1      | Reached XP level 2. HP: 21/25 MP: 5/5
   527 | D:1      | You fall into a shaft and drop 1 floor!
   536 | D:2      | Found a runed translucent door.
   537 | D:2      | Noticed Crazy Yiuf
   549 | D:2      | Mangled by Crazy Yiuf

Illustrated notes

Levels and vault maps discovered:
D:1:      scummos_arrival_simple_crosswalls, layout_rooms, minmay_3d_cube
D:2:      layout_loops_ring, uniq_robin, uniq_crazy_yiuf_cottage, uniq_natasha

Action                   || total
-------------------------++-------
Melee: Spear             ||    45
       Punch             ||     1
 Cast: Beastly Appendage ||     3
 Abil: Spit Poison       ||     3
 Stab: Sleeping          ||     1
Armor: Robe              ||     4
Dodge: Dodged            ||    30

Table legend:
 A = Non-vault XP
 B = Vault XP
 C = Vault XP percentage of total XP
 D = Non-vault monster count
 E = Vault monster count
 F = Vault count percentage of total count
                 A         B        C        D         E       F
            +---------+---------+-------+---------+---------+-------
      Total |      13 |       2 |  13.3 |       8 |       1 |  11.1
            +---------+---------+-------+---------+---------+-------
        D:1 |      13 |       2 |  13.3 |       8 |       1 |  11.1
            +---------+---------+-------+---------+---------+-------
